 Dungeon Crawl Stone Soup version 0.25.1-2-g60ff931df9 (webtiles) character file.

Game seed: 1885723039352604208

389 Drachen the Conjurer (level 6, -8/45 HPs)
             Began as a Demigod Conjurer on Oct 19, 2020.
             Mangled by Duvessa
             ... wielding a +0 rapier
              (18 damage)
             ... on level 4 of the Dungeon.
             The game lasted 00:09:27 (4864 turns).

Drachen the Conjurer (Demigod Conjurer)             Turns: 4864, Time: 00:09:28

Health: -8/45      AC:  2    Str: 11    XL:     6   Next: 25%
Magic:  3/15       EV: 13    Int: 23    God:
Gold:   220        SH:  0    Dex: 16    Spells: 10/13 levels left

rFire    . . .     SeeInvis .   j - +1 whip (vamp)
rCold    . . .     Gourm    .   (no shield)
rNeg     . . .     Faith    .   a - +0 robe
rPois    .         Spirit   .   (no helmet)
rElec    .         Reflect  .   (no cloak)
rCorr    .         Harm     .   (no gloves)
MR       .....                  (no boots)
Stlth    +++.......             (no amulet)
HPRegen  0.15/turn              l - ring of stealth
MPRegen  0.14/turn              (no ring)

@: no status effects
A: high mp 1
a: no special abilities


You were on level 4 of the Dungeon.
You were not hungry.

You visited 1 branch of the dungeon, and saw 4 of its levels.

You collected 220 gold pieces.

Inventory:

Hand Weapons
 j - a +1 vampiric whip (weapon)
Armour
 a - a +0 robe (worn)
Jewellery
 l - a ring of stealth (left hand)
Scrolls
 b - a scroll of magic mapping {unknown}
 e - a scroll of enchant weapon {unknown}
 f - 5 scrolls of identify {unknown}
 g - 2 scrolls of teleportation {unknown}
 h - a scroll of fog {unknown}
 i - 3 scrolls of remove curse {unknown}
 m - a scroll of enchant armour {unknown}
 n - 4 scrolls of amnesia {unknown}
Potions
 d - a potion of haste {unknown}
 k - a potion of flight {unknown}
 o - a potion of curing
Comestibles
 c - 6 rations


   Skills:
 - Level 2.0 Dodging
 - Level 2.0 Stealth
 + Level 4.2 Spellcasting
 + Level 5.6 Conjurations


You had 10 spell levels left.
You knew the following spells:

 Your Spells              Type           Power        Failure   Level  Hunger
a - Magic Dart            Conj           ####         1%          1    None
b - Searing Ray           Conj           ####..       1%          2    #......

Your spell library contained the following spells:

 Spells                   Type           Power        Failure   Level  Hunger
 Dazzling Flash           Conj/Hex       ###...       10%         3    ##.....
 Fulminant Prism          Conj/Hex       ###.......   32%         4    ####...
 Iskenderun's Mystic Bla  Conj/Tloc      ###.....     32%         4    ####...


Dungeon Overview and Level Annotations

Branches:
Dungeon (4/15)
 Temple: D:4-7

Annotations:
D:3 exclusion: oklob plant
D:4 Duvessa


Innate Abilities, Weirdness & Mutations

You have an increased reservoir of magic. (+10% MP)


Message History

Duvessa hits you with a +0 rapier!
The searing ray hits Duvessa!
Duvessa is moderately wounded.
Duvessa hits you with a +0 rapier!
The searing ray hits Duvessa.
Duvessa is heavily wounded.
You finish channeling your searing ray.
Duvessa hits you with a +0 rapier.
* * * LOW HITPOINT WARNING * * *
It was a potion of curing.
You feel better. Duvessa hits you with a +0 rapier.
Duvessa hits you with a +0 rapier!
* * * LOW HITPOINT WARNING * * *
Casting: Searing Ray (safe; 1% risk of failure)
Confirm with . or Enter, or press ? or * to list all spells.
Aiming: Searing Ray (safe; 1% risk of failure)
Press: ? - help, Shift-Dir - straight line, f/p - Duvessa
Aim: Duvessa, wielding a +0 rapier and wearing a +0 leather armour (heavily wounded, berserk)
The searing ray misses Duvessa. (Press . to maintain the ray.) Duvessa hits you with a +0 rapier!!
You die...

..... ####'####
.....######.#
............#
........#####
..###...## #....#
##.#.#
$..#..#)########.
........)@e......
##.#....#####.###
#.####.. # ##.#
.# .. .# ..


You could see Duvessa (berserk).

Vanquished Creatures
  An ogre (D:4)
  Dowan (D:4)
  2 orc priests (D:4)
  An iguana (D:4)
  A hound skeleton (D:4)
  3 gnolls (D:3)
  An adder (D:3)
  A howler monkey skeleton (D:4)
  An ooze (D:3)
  3 worms (D:2)
  2 dart slugs
  2 leopard geckos
  2 orcs
  A ball python (D:1)
  4 giant cockroaches
  8 goblins
  10 hobgoblins
  9 jackals
  A quokka (D:3)
  11 bats
  7 frilled lizards
  13 kobolds
  4 rats
89 creatures vanquished.

Vanquished Creatures (others)
  An ooze (D:2)
  A worm (D:2)
2 creatures vanquished.

Grand Total: 91 creatures vanquished

Notes
Turn   | Place    | Note
-------+----------+-------------------------------------------
     0 | D:1      | Drachen the Demigod Conjurer began the quest for the Orb.
     0 | D:1      | Reached XP level 1. HP: 14/14 MP: 5/5
   276 | D:1      | Reached XP level 2. HP: 4/20 MP: 0/7
   996 | D:1      | Reached skill level 4 in Conjurations
  1339 | D:1      | Reached XP level 3. HP: 26/26 MP: 6/9
  1375 | D:1      | Learned a level 2 spell: Searing Ray
  2129 | D:2      | Found a radiant altar of Vehumet.
  3156 | D:2      | Found an opulent altar of Gozag.
  3408 | D:3      | Reached XP level 4. HP: 33/33 MP: 11/11
  3635 | D:3      | Found a blossoming altar of Fedhas.
  3654 | D:3      | Noticed an oklob plant
  4587 | D:4      | Reached XP level 5. HP: 34/38 MP: 7/13
  4625 | D:4      | Reached skill level 5 in Conjurations
  4633 | D:4      | Noticed Dowan
  4749 | D:4      | Killed Dowan
  4800 | D:4      | Noticed an ogre
  4806 | D:4      | Killed an ogre
  4806 | D:4      | Reached XP level 6. HP: 45/45 MP: 5/15
  4855 | D:4      | Noticed Duvessa
  4864 | D:4      | Mangled by Duvessa

Illustrated notes

Levels and vault maps discovered:
D:1:      giann_bridges, layout_basic, st_stairs_5
D:2:      layout_rooms, lemuel_coloured_pillars_altar, fiery_altar_vehumet,
          hex_tiny
D:3:      layout_loops_ring, tgw_fedhas
D:4:      gammafunk_cloud_chamber, layout_basic, first_ration, trog_book,
          uniq_duvessa

Skill      XL: |  1  2  3  4  5 |
---------------+----------------+-----
Stealth        | 2 |  2.0
Dodging        | 2 |  2.0
Spellcasting   | 2 3 4 |  4.2
Conjurations   | 4 5 |  5.6

Action                   |  1- 3 |  4- 6 || total
-------------------------+-------+-------++-------
Melee: Unarmed           |     4 |       ||     4
       Club              |     6 |       ||     6
       Dagger            |    21 |       ||    21
       Whip              |    31 |    42 ||    73
 Cast: Magic Dart        |    99 |    25 ||   124
       Searing Ray       |     2 |    10 ||    12
  Use: Potion            |       |     1 ||     1
 Stab: Sleeping          |     3 |     4 ||     7
  Eat: Chunk             |     8 |     3 ||    11
       Ration            |       |     1 ||     1
Armor: Robe              |     8 |     6 ||    14
Dodge: Dodged            |    51 |    32 ||    83
